 Dungeon Crawl Stone Soup version 0.26-a0-40-gfe7b5d5a6f (webtiles) character file.

Game seed: 1716388071619494278, levelgen mode: deterministic

60 Ateh the Firebug (level 3, 0/19 HPs)
             Began as a Deep Elf Fire Elementalist on May 31, 2020.
             Succumbed to an adder's poison
             ... on level 2 of the Dungeon.
             The game lasted 00:12:26 (1852 turns).

Ateh the Firebug (Deep Elf Fire Elementalist)       Turns: 1852, Time: 00:12:26

Health: 0/19       AC:  2    Str:  5    XL:     3   Next: 82%
Magic:  2/10       EV: 13    Int: 20    God:
Gold:   95         SH:  0    Dex: 15    Spells: 9/10 levels left

rFire    . . .     SeeInvis .   (no weapon)
rCold    . . .     Gourm    .   (no shield)
rNeg     . . .     Faith    .   a - +0 robe
rPois    .         Spirit   .   (no helmet)
rElec    .         Reflect  .   (no cloak)
rCorr    .         Harm     .   (no gloves)
MR       .....                  (no boots)
Stlth    ++........             (no amulet)
HPRegen  0.06/turn              d - ring of flight
MPRegen  0.12/turn              (no ring)

@: lethally poisoned (0 -> -6), very slightly contaminated
A: no striking features
a: Evoke Flight


You were on level 2 of the Dungeon.
You were not hungry.

You visited 1 branch of the dungeon, and saw 2 of its levels.

You collected 95 gold pieces.

Inventory:

Armour
 a - a +0 robe (worn)
Jewellery
 d - a ring of flight (left hand)
Scrolls
 e - a scroll of magic mapping {unknown}
 f - a scroll of blinking {unknown}
 j - a scroll of random uselessness {unknown}
Potions
 b - a potion of heal wounds {unknown}
 g - a potion of haste {unknown}
 h - a potion of invisibility {unknown}
 k - 2 potions of berserk rage {unknown}
Comestibles
 c - 8 rations
 i - 8 chunks of flesh


   Skills:
 - Level 2.5 Dodging
 - Level 2.8 Stealth
 * Level 4.1 Spellcasting
 + Level 1.8 Conjurations
 + Level 4.1 Fire Magic


You had 9 spell levels left.
You knew the following spells:

 Your Spells              Type           Power        Failure   Level  Hunger
a - Foxfire               Conj/Fire      ###.         3%          1    None

Your spell library contained the following spells:

 Spells                   Type           Power        Failure   Level  Hunger
 Conjure Flame            Conj/Fire      ###.....     11%         3    ###....
 Inner Flame              Hex/Fire       ##......     16%         3    ###....
 Sticky Flame             Conj/Fire      ###.....     36%         4    ####...
 Fireball                 Conj/Fire      ###.......   71%         5    ######.


Dungeon Overview and Level Annotations

Branches:
Dungeon (2/15)

Altars:
Makhleb


Message History

The adder is heavily wounded.
Casting: Foxfire (safe; 3% risk of failure)
Confirm with . or Enter, or press ? or * to list all spells.
You conjure some foxfire!
* * * LOW HITPOINT WARNING * * *
You feel sick. The adder misses you. The adder closely misses you.
Your foxfire dissipates!
Casting: Foxfire (safe; 3% risk of failure)
Confirm with . or Enter, or press ? or * to list all spells.
You conjure some foxfire!
* * * LOW HITPOINT WARNING * * *
You feel sick. The adder barely misses you.
Your foxfire dissipates!
The foxfire hits the adder.
The adder is severely wounded.
The adder misses you.
Casting: Foxfire (safe; 3% risk of failure)
Confirm with . or Enter, or press ? or * to list all spells.
You conjure some foxfire!
You die...

########### #@S.......#
#v###'###.# #.# #.# ##
##############.###)###..####
...............###_..'...>..
######.####...###.###..####
#.# #...# #.# .# #.####...#
#+# # ### #<...#.....


You could see an adder.

Vanquished Creatures
  2 adders (D:2)
  2 dart slugs (D:1)
  3 leopard geckos
  4 goblins
  3 hobgoblins
  6 jackals (D:1)
  4 bats
  A frilled lizard (D:1)
  3 kobolds (D:1)
  8 rats
36 creatures vanquished.

Vanquished Creatures (others)
  85 foxfires
85 creatures vanquished.

Grand Total: 121 creatures vanquished

Notes
Turn   | Place    | Note
-------+----------+-------------------------------------------
     0 | D:1      | Ateh the Deep Elf Fire Elementalist began the quest for the
                  | Orb.
     0 | D:1      | Reached XP level 1. HP: 10/10 MP: 6/6
     3 | D:1      | Noticed an electric eel
   310 | D:1      | Reached XP level 2. HP: 13/15 MP: 0/8
  1275 | D:1      | Reached XP level 3. HP: 19/19 MP: 7/10
  1801 | D:2      | Found a burning altar of Makhleb.
  1852 | D:2      | Succumbed to an adder's poison

Illustrated notes

Levels and vault maps discovered:
D:1:      arrival_aquarium_b, layout_loops_corners,
          chequers_serial_rivers_large_a, st_stairs_6, minivault_19,
          chequers_serial_rivers_micro_d
D:2:      layout_basic, lemuel_doored_altar, gammafunk_temple_overflow_claw,
          nrook_loot_triangle, uniq_sigmund, uniq_robin

Skill      XL: |  1  2  3 |
---------------+----------+-----
Fire Magic     | 4 |  4.1
Spellcasting   | 4 |  4.1
Dodging        | |  2.5
Stealth        | |  2.8
Conjurations   | |  1.8

Action                   || total
-------------------------++-------
Melee: Unarmed           ||     2
 Cast: Foxfire           ||    88
  Eat: Chunk             ||     3
Armor: Robe              ||     5
Dodge: Dodged            ||    30

Table legend:
 A = Non-vault XP
 B = Vault XP
 C = Vault XP percentage of total XP
 D = Non-vault monster count
 E = Vault monster count
 F = Vault count percentage of total count
                 A         B        C        D         E       F
            +---------+---------+-------+---------+---------+-------
      Total |      84 |       3 |   3.4 |      34 |       2 |   5.6
            +---------+---------+-------+---------+---------+-------
        D:1 |      41 |       3 |   6.8 |      23 |       2 |   8.0
        D:2 |      43 |       0 |   0.0 |      11 |       0 |   0.0
            +---------+---------+-------+---------+---------+-------
